 Dungeon Crawl Stone Soup version 0.27.1-33-g824d729ab1 (webtiles) character file.

Game seed: 1196006415304944156

14 Descartes the Changer (level 2, 0/11 HPs)
             Began as a Felid Wanderer on Nov 29, 2021.
             Killed from afar by a dart slug (4 damage)
             ... with a slug dart
             ... on level 1 of the Dungeon.
             The game lasted 00:01:44 (982 turns).

Descartes the Changer (Felid Wanderer)               Turns: 982, Time: 00:01:45

Health: 0/11       AC:  1    Str:  9    XL:     2   Next: 31%
Magic:  6/6        EV: 17    Int: 12    God:
Gold:   28         SH:  0    Dex: 15    Spells: 5/5 levels left
                                        Lives:  0   Deaths: 0

rFire    . . .     SeeInvis +     - Unarmed
rCold    . . .     Faith    .   (shield unavailable)
rNeg     . . .     Spirit   .   (armour unavailable)
rPois    .         Reflect  .   (helmet unavailable)
rElec    .         Harm     .   (cloak unavailable)
rCorr    .         Rampage  .   (gloves unavailable)
Will     .....                  (boots unavailable)
Stlth    ++........             (no amulet)
HPRegen  0.03/turn              (no ring)
MPRegen  0.10/turn              (no ring)

@: quick
A: very small, claws 1, fangs 3, see invisible, speed 1, shaggy fur 1, stealthy
paws, no weapons or thrown items, no armour, multi-lived
a: no special abilities


You were on level 1 of the Dungeon.
You visited 1 branch of the dungeon, and saw 1 of its levels.

You collected 28 gold pieces.

Inventory:

Scrolls
 a - a scroll of blinking
 g - a scroll of teleportation {unknown}
Potions
 b - a potion of curing
 c - a potion of resistance {unknown}
 d - 2 potions of might {unknown}
 e - 2 potions of invisibility {unknown}
 f - a potion of magic {unknown}


   Skills:
 + Level 3.2 Dodging
 + Level 2.3 Stealth
 + Level 1.5 Unarmed Combat
 - Level 2.0 Spellcasting
 - Level 3.2 Transmutations
 - Level 1.1 Evocations


You had 5 spell levels left.
You didn't know any spells.
Your spell library contained the following spells:

 Spells                   Type           Power      Damage    Failure   Level
 Wereblood                Tmut           9%         N/A       11%         2
 Passwall                 Tmut/Erth      4%         N/A       22%         2


Dungeon Overview and Level Annotations

Branches:
Dungeon (1/15)

Altars:


Innate Abilities, Weirdness & Mutations

You have sharp claws.
You have razor-sharp teeth.
You have supernaturally acute eyesight. (SInv)
You cover ground quickly. (Speed+)
You are covered in fur. (AC +1)
Your paws help you pounce on unaware monsters.
You are incapable of wielding weapons or throwing items.
You cannot wear armour.
You gain extra lives every three experience levels.


Message History

The giant cockroach is almost dead.
The bat misses you. The bat completely misses you.
The giant cockroach misses you.
You scratch the giant cockroach.
You kill the giant cockroach!
The bat hits you. x2
You miss the bat. The bat misses you. The bat barely misses you.
You barely miss the bat. The bat hits you.
You scratch the bat.
The bat is severely wounded.
The bat closely misses you.
You scratch the bat but do no damage.
The bat is severely wounded.
The bat hits you but does no damage. x2; The quokka completely misses you.
You barely miss the quokka. The bat hits you. The quokka misses you.
You scratch the quokka. You bite the quokka.
The quokka is almost dead.
The bat misses you. The quokka barely misses you.
You scratch the quokka but do no damage.
The quokka is almost dead.
The bat hits you but does no damage. The bat hits you.
The quokka completely misses you. The quokka misses you.
You barely miss the quokka.
The quokka is almost dead.
The bat misses you. x2; The quokka bites you.
You are too injured to fight recklessly!
You are too injured to fight recklessly!
You are too injured to fight recklessly!
You are too injured to fight recklessly!
You are too injured to fight recklessly!
You are too injured to fight recklessly!
You are too injured to fight recklessly!
You are too injured to fight recklessly!
You are too injured to fight recklessly!
There are monsters nearby!
The bat barely misses you. The bat hits you but does no damage.
The dart slug launches a dart at you. The slug dart hits you.
You die...

####.#....#####........#
...#.###..# #........#
.......#..# #........#
.......##.## #....†...#
.......##..# ####+##r..#
.......##..###.....w...#
.......##...##.........#
.......##.#.##.........#
.......'.....'..@b.....+
.......##.#..#.........#
.#...####.................
##...# #..#.##....#######
#...# #..#..#....# #...#
#.....###+## #.†.#
##.#.).##.####### #...#
#.#.#.##......... #####
#.#.#.............


You could see a dart slug, a quokka and a bat.

Vanquished Creatures
  A giant cockroach (D:1)
  5 goblins (D:1)
  A kobold (D:1)
  A quokka (D:1)
  A ball python (D:1)
  A bat (D:1)
  2 frilled lizards (D:1)
  A rat (D:1)
13 creatures vanquished.

Notes
Turn   | Place    | Note
-------+----------+-------------------------------------------
     0 | D:1      | Descartes the Felid Wanderer began the quest for the Orb.
     0 | D:1      | Descartes set off with the following items: a scroll of
                  | blinking, a potion of curing; and the following spells
                  | available to memorise: Wereblood, Passwall
     0 | D:1      | Reached XP level 1. HP: 7/7 MP: 4/4
   794 | D:1      | Reached XP level 2. HP: 11/11 MP: 6/6
   982 | D:1      | Killed from afar by a dart slug

Illustrated notes

Levels and vault maps discovered:
D:1:      grunt_arrival_lava_bath, layout_basic

Skill      XL: |  1 |
---------------+----+-----
Dodging        | 3 |  3.2
Stealth        | 2 |  2.3
Unarmed Combat | |  1.5
Spellcasting   | |  2.0
Transmutations | |  3.2
Evocations     | |  1.1

Action                   || total
-------------------------++-------
Melee: Unarmed           ||    45
       Bite              ||     4
 Stab: Sleeping          ||     5
Armor: Skin              ||     4
Dodge: Dodged            ||    38
